 Dungeon Crawl Stone Soup version 0.23.2-1-ga50397a (webtiles) character file.

Game seed: 12074439352077691075

1 MalarOregon the Digger (level 1, -1/14 HPs)
             Began as a Ghoul Earth Elementalist on May 26, 2019.
             Slain by a jackal (2 damage)
             ... on level 1 of the Dungeon.
             The game lasted 00:00:33 (58 turns).

MalarOregon the Digger (Ghoul Earth Elementalist)     Turns: 58, Time: 00:00:34

Health: -1/14      AC:  2    Str: 11    XL:     1   Next: 20%
Magic:  1/2        EV: 12    Int: 10    God:
Gold:   0          SH:  0    Dex:  9    Spells: 2/3 levels left

rFire    . . .     SeeInvis .   (no weapon)
rCold    + . .     Gourm    .   (no shield)
rNeg     + + +     Faith    .   c - +0 robe
rPois    ∞         Spirit   .   (no helmet)
rElec    .         Reflect  .   (no cloak)
rCorr    .         Harm     .   (no gloves)
MR       .....                  (no boots)
Stlth    ++........             (no amulet)
HPRegen  0.00/turn              (no ring)
MPRegen  0.08/turn              (no ring)

@: rotting
A: rotting body, claws 1, carnivore, cold resistance 1, negative energy
resistance 3, inhibited regeneration, torment resistance, unbreathing
a: no special abilities


You were on level 1 of the Dungeon.
You were not hungry.

You visited 1 branch of the dungeon, and saw 1 of its levels.

Inventory:

Missiles
 b - 27 stones (quivered)
Armour
 c - a +0 robe (worn)
Comestibles
 e - a ration {!d}


   Skills:
 - Level 1.7 Dodging
 - Level 2.1 Stealth
 + Level 1.8 Spellcasting
   Level 0.8 Transmutations
 + Level 3.3 Earth Magic


You had 2 spell levels left.
You knew the following spells:

 Your Spells              Type           Power        Failure   Level  Hunger
a - Sandblast             Erth           #.....       9%          1    ##.....

Your spell library contained the following spells:

 Spells                   Type           Power        Failure   Level  Hunger
 Passwall                 Tmut/Erth      #.......     21%         2    ###....
 Stone Arrow              Conj/Erth      #.....       43%         3    ####...
 Petrify                  Tmut/Erth      #.......     80%         4    #####..
 Lee's Rapid Deconstruct  Erth           #.........   92%         5    ######.


Dungeon Overview and Level Annotations

Branches:
Dungeon (1/15)

Altars:


Innate Abilities, Weirdness & Mutations

Your body is rotting away.
You thrive on raw meat.
You are immune to poison.
You have sharp fingernails.
You are carnivorous and can eat meat at any time.
Your flesh is cold resistant. (rC+)
You are immune to negative energy. (rN+++)
You do not regenerate when monsters are visible.
You are immune to unholy pain and torment.
You can survive without breathing.


Message History

Aim: a jackal The blast of sand hits the jackal.
b - 28 stones A kobold comes into view.
A hobgoblin comes into view.
The jackal bites you.
A goblin comes into view.
The jackal barely misses you.
You barely miss the jackal.
The jackal bites you but does no damage.
You miss the jackal. The jackal closely misses you.
You scratch the jackal but do no damage.
The jackal bites you.
You barely miss the jackal.
The jackal bites you but does no damage.
You closely miss the jackal. The jackal bites you. x2
* * * LOW HITPOINT WARNING * * *
You scratch the jackal. The jackal closely misses you.
You closely miss the jackal. The jackal barely misses you.
You scratch the jackal but do no damage.
The jackal bites you but does no damage.
The jackal misses you.
You barely miss the jackal. The jackal bites you.
* * * LOW HITPOINT WARNING * * *
You closely miss the jackal. The jackal misses you. The jackal bites you.
* * * LOW HITPOINT WARNING * * *
You scratch the jackal.
You kill the jackal!
Aim: a jackal The blast of sand hits the jackal but does no damage.
b - 27 stones The jackal bites you but does no damage.
The jackal misses you.
Okay, then.
A goblin comes into view. It is wielding a +0 dagger.
The goblin moves out of view.
A rat comes into view.
The jackal closely misses you.
Found a buckler.
The jackal closely misses you. The rat bites you but does no damage.
The jackal closely misses you.
The frilled lizard unfolds its giant frill.
Found 12 arrows.
The kobold throws a stone.
The stone completely misses you.
The kobold throws a stone.
The stone misses you. The jackal barely misses you.
A frilled lizard comes into view.
The kobold throws a stone.
The stone hits you.
* * * LOW HITPOINT WARNING * * *
You see here a stone.
The jackal bites you.
You die...

#. . ..# ##.# .... .#.
(##.. ....#####..
...#...
..l.....###.......
.....##.........
###.##......#..[....
.......@h((.........
###.##.#(.lr.......#
##....##..g........
##.=?......#g..>.#.
..........##.....#...?.≈
..b........gl....# ?.$.≈
....?.....##.....# ....≈
.....####K##.....# ....
..... #.##.....###≈≈##


You could see a jackal, a hobgoblin, a goblin, a bat, 2 frilled lizards and a
rat.

Vanquished Creatures
  A jackal (D:1)
1 creature vanquished.

Notes
Turn   | Place    | Note
-------+----------+-------------------------------------------
     0 | D:1      | MalarOregon the Ghoul Earth Elementalist began the quest
                  | for the Orb.
     0 | D:1      | Reached XP level 1. HP: 14/14 MP: 2/2
    58 | D:1      | Slain by a jackal

Action                   || total
-------------------------++-------
Melee: Unarmed           ||    11
 Cast: Sandblast         ||     3
Armor: Robe              ||     5
Dodge: Dodged            ||    13
